 Dungeon Crawl Stone Soup version 0.26-a0-388-gf3277c4969 (webtiles) character file.

Game seed: 14643598138604536798

1257 KristoblXynda the Chopper (level 8, -4/70 HPs)
             Began as a White Draconian Gladiator on July 21, 2020.
             Slain by an orc warrior
             ... wielding a +0 war axe
              (26 damage)
             ... on level 6 of the Dungeon.
             The game lasted 00:07:37 (5558 turns).

KristoblXynda the Chopper (DrGl)                    Turns: 5558, Time: 00:07:38

Health: -4/70      AC:  8    Str: 18    XL:     8   Next: 26%
Magic:  8/8        EV: 14    Int: 10    God:
Gold:   226        SH:  0    Dex: 12    Spells: 7/7 levels left

rFire    . . .     SeeInvis .   a - +1 war axe
rCold    + . .     Faith    .   (no shield)
rNeg     . . .     Spirit   .   (armour unavailable)
rPois    .         Reflect  .   b - +0 hat
rElec    .         Harm     .   (no cloak)
rCorr    .                      (no gloves)
MR       .....                  i - +1 pair of boots
Stlth    ++........             (no amulet)
HPRegen  0.21/turn              h - ring of stealth
MPRegen  0.11/turn              (no ring)

@: studying Maces & Flails
A: breathe frost, unfitting armour, cold resistance 1, cold-blooded, AC +6
a: Breathe Frost


You were on level 6 of the Dungeon.
You visited 1 branch of the dungeon, and saw 6 of its levels.

You collected 226 gold pieces.

Inventory:

Hand Weapons
 a - a +1 war axe (weapon)
Missiles
 c - 5 throwing nets (quivered)
Armour
 b - a +0 hat (worn)
 i - a +1 pair of boots (worn)
Jewellery
 e - an uncursed ring of ice
 h - a ring of stealth (left hand)
Wands
 o - a wand of polymorph (16)
Scrolls
 p - a scroll of brand weapon {unknown}
 r - a scroll of teleportation
 u - a scroll of enchant armour {unknown}
 v - a scroll of identify
Potions
 d - a potion of might {unknown}
 g - 2 potions of mutation
 j - a potion of stabbing
 k - a potion of heal wounds
 l - a potion of curing
 n - a potion of lignification
 q - 2 potions of brilliance {unknown}
 s - a potion of invisibility {unknown}
 t - a potion of magic {unknown}
 w - a potion of haste {unknown}
Books
 f - a manual of Maces & Flails


   Skills:
 + Level 5.7 Fighting
 * Level 7.7 Axes
 - Level 2.0 Throwing
 + Level 5.2 Dodging


You had 7 spell levels left.
You didn't know any spells.
Your spell library was empty.

Dungeon Overview and Level Annotations

Branches:
Dungeon (6/15)
 Temple: D:4-7

Altars:
Kikubaaqudgha
Nemelex Xobeh
Ru
Xom

Annotations:
D:5 1 runed translucent door, deyja's ghost, amateur HOMo


Innate Abilities, Weirdness & Mutations

You can breathe waves of freezing cold.
You can buffet flying creatures when you breathe cold.
Your icy white scales are hard. (AC +6)
You cannot fit into any form of body armour.
Your flesh is cold resistant. (rC+)
You are cold-blooded and may be slowed by cold attacks.


Message History

You barely miss something. Something hits you but does no damage.
The orc warrior hits you with a +0 war axe!
You hear some strange, mumbled words.
A puff of frost appears from out of thin air!
The puff of frost misses you.
You hit the orc warrior.
The orc warrior is lightly wounded.
You hit something.
Reactivating autopickup.
You feel a bit more experienced.
The orc priest looks braver for a moment.
The orc warrior hits you with a +0 war axe!!
* * * LOW HITPOINT WARNING * * *
A centaur zombie comes into view.
A bullfrog skeleton comes into view.
The orc priest looks braver for a moment.
There is a stone staircase leading up here.
There is a stone staircase leading up here.
The orc warrior hits you with a +0 war axe!!
You die...

## ..........#
#.# ........#.#
#.#
........#.####.#
........#.##...#
........#....###
.#####..o.####
#.##.##
###.#..o#
Z.####.o.#..@#
#..Z.)..##...#
.......†)#...#
.............#
........)....#
.............#
....$....#...#
#........#...#
#............#


You could see an orc warrior and an orc priest.

Vanquished Creatures
  Eustachio (D:5)
  An orc warrior (D:5)
  A necrophage (D:6)
  2 ogres
  A centaur (D:5)
  A bullfrog (D:6)
  A scorpion (D:4)
  2 orc priests
  A hound (D:4)
  6 orc wizards
  Ijyb (D:4)
  3 worker ants
  A hound skeleton (D:6)
  4 gnolls (D:5)
  10 adders
  A shadow imp (D:6)
  An ooze (D:4)
  An adder zombie (D:5)
  An adder skeleton (D:4)
  A worm (D:2)
  A dart slug (D:2)
  2 leopard geckos
  7 orcs
  A ball python (D:5)
  4 bats
  4 giant cockroaches
  9 goblins
  7 hobgoblins
  3 jackals (D:5)
  2 quokkas
  7 frilled lizards
  9 kobolds
  A leopard gecko zombie (D:5)
  4 rats (D:1)
102 creatures vanquished.

Vanquished Creatures (others)
  A hobgoblin (D:3)
1 creature vanquished.

Grand Total: 103 creatures vanquished

Notes
Turn   | Place    | Note
-------+----------+-------------------------------------------
     0 | D:1      | KristoblXynda the Draconian Gladiator began the quest for
                  | the Orb.
     0 | D:1      | Reached XP level 1. HP: 17/17 MP: 1/1
    89 | D:1      | Reached XP level 2. HP: 19/24 MP: 2/2
   704 | D:1      | Reached XP level 3. HP: 29/30 MP: 3/3
  1024 | D:2      | Reached skill level 4 in Axes
  1203 | D:2      | Reached XP level 4. HP: 37/37 MP: 4/4
  1601 | D:3      | Found a sacrificial altar of Ru.
  1742 | D:3      | Found a shimmering altar of Xom.
  2717 | D:4      | Noticed Ijyb
  2734 | D:4      | Reached XP level 5. HP: 23/45 MP: 5/5
  2738 | D:4      | Killed Ijyb
  2738 | D:4      | Noticed an ogre
  2745 | D:4      | Killed an ogre
  2745 | D:4      | Reached skill level 5 in Axes
  2750 | D:4      | Reached XP level 6. HP: 19/52 MP: 6/6
  3653 | D:4      | Found an ancient bone altar of Kikubaaqudgha.
  3984 | D:5      | Entered Level 5 of the Dungeon
  3984 | D:5      | Found a runed translucent door.
  3984 | D:5      | Noticed deyja's ghost (amateur HOMo)
  4036 | D:5      | Reached skill level 6 in Axes
  4148 | D:5      | Your scales start taking on an icy white colour.
  4148 | D:5      | Reached XP level 7. HP: 38/60 MP: 7/7
  4148 | D:5      | Gained mutation: Your flesh is cold resistant. (rC+) [White
                  | Draconian growth]
  4702 | D:5      | Found a sparkling altar of Nemelex Xobeh.
  5130 | D:5      | Noticed Eustachio
  5166 | D:5      | Killed Eustachio
  5166 | D:5      | Reached skill level 5 in Fighting
  5166 | D:5      | Reached skill level 7 in Axes
  5268 | D:6      | Reached XP level 8. HP: 45/68 MP: 8/8
  5382 | D:6      | Reached skill level 5 in Dodging
  5558 | D:6      | Slain by an orc warrior

Illustrated notes

Levels and vault maps discovered:
D:1:      scummos_arrival_simple_crosswalls, layout_rooms
D:2:      layout_basic
D:3:      layout_loops_cross, nicolae_ru_awakened_eye, lemuel_crystal_altar,
          minmay_misc_feat_rows
D:4:      layout_cave_pools, nicolae_overflow_crystal_walls,
          minmay_misc_feat_room, uniq_ijyb
D:5:      layout_basic, lemuel_doored_altar, gammafunk_ghost_grave,
          minmay_misc_feat_square, chequers_avenue, minmay_manual_mess,
          uniq_eustachio
D:6:      layout_rooms, minmay_temple_entry_wispy

Skill      XL: |  1  2  3  4  5  6  7  8 |
---------------+-------------------------+-----
Throwing       | 2 |  2.0
Dodging        | 3 4 5 |  5.2
Axes           | 4 5 6 7 |  7.7
Fighting       | 3 4 5 |  5.7

Action                   |  1- 3 |  4- 6 |  7- 9 || total
-------------------------+-------+-------+-------++-------
Melee: War axe           |   101 |   152 |    81 ||   334
       Tailslap          |     8 |    22 |    10 ||    40
 Abil: Breathe Frost     |       |       |     1 ||     1
Evoke: Wand              |       |     4 |     3 ||     7
  Use: Scroll            |     3 |     7 |       ||    10
       Potion            |       |     1 |       ||     1
 Stab: Sleeping          |     2 |     8 |       ||    10
Armor: Skin              |    27 |    83 |    39 ||   149
Dodge: Dodged            |    78 |   167 |   102 ||   347

Table legend: (Time is in decaauts)
 A = Elapsed time spent in this place.
 B = Non-inter-level travel time spent in this place.
 C = Inter-level travel time spent in this place.
 D = Time resting spent in this place.
 E = Time spent auto-exploring this place.
 F = Levels seen in this place.
 G = Mean time per level.
                   A        B        C        D        E       F      G
               +--------+--------+--------+--------+--------+-----+--------+
         Total |   5646 |   5512 |    134 |   2013 |   2400 |   6 |  941.0 |
       Dungeon |   5646 |   5512 |    134 |   2013 |   2400 |   6 |  941.0 |
               +--------+--------+--------+--------+--------+-----+--------+
Top levels by time: D:4: 1361 daAuts D:5: 1286 daAuts D:3: 1146 daAuts D:2: 798 daAuts D:1: 749 daAuts D:6: 304 daAuts
